cohdb
Replays
Latest Replays
All Replays
Popular Replays
Top Player Replays
Match Explorer
How It Works
Community
CoH3 Stats
Reddit
Sign in to upload your games and track your stats! →
Sign in with Steam
Match 45989335
Unlisted
Match 45989335
Overview
Messages
Build Orders
End
Construct Barracks
Scout Squad
Selects Armored Battlegroup
Selects Veteran Crews
1⁄4-ton 4x4 Truck
Riflemen Squad
Riflemen Squad
Grenade Package
Riflemen Squad
Construct Medical Station
Infantry Support Center
Selects Fast Deploy
Construct Motor Pool
M8 Greyhound Armored Car
Engineer Squad
M1 Anti-tank Gun Team
Selects M8 Scott SPG
Selects M8 Scott SPG
M8 Scott SPG
Selects UNKNOWN (2160077)
M1918 Browning Automatic Rifles
Riflemen Squad
Max1boy
qwedcasxz
0
0
Comments
sign in to comment!
No comments posted yet!